 Dungeon Crawl Stone Soup version 0.31-a0-182-gc5ef74bbde (webtiles) character file.

Game seed: 17448055125813167053

394 pokeman the Magician (level 6, -7/34 HPs)
             Began as a Deep Elf Hedge Wizard on June 20, 2023.
             Succumbed to a water moccasin's poison
             ... on level 5 of the Dungeon.
             The game lasted 00:08:52 (4369 turns).

pokeman the Magician (Deep Elf Hedge Wizard)        Turns: 4369, Time: 00:08:52

Health: -7/34      AC:  4    Str:  7    XL:     6   Next: 52%
Magic:  15/27      EV: 13    Int: 21    God:
Gold:   42         SH:  0    Dex: 14    Spells: 11/19 levels left

rFire   . . .        a - +0 dagger
rCold   . . .        (no shield)
rNeg    + . .        b - +0 robe
rPois   +            c - +0 hat
rElec   +            l - +1 cloak "Qiumnuus" {rElec rPois rN+}
rCorr   .            (no gloves)
SInv    .            (no boots)
Will    .....        (no amulet)
Stlth   ++           p - ring of magical power
HPRegen 0.25/turn    (no ring)
MPRegen 0.20/turn

%: no passive effects
@: lethally poisoned (-7 -> -40), on blink cooldown
A: no striking features
a: no special abilities


You were on level 5 of the Dungeon.
You visited 1 branch of the dungeon, and saw 5 of its levels.

You collected 204 gold pieces.
You spent 162 gold pieces at shops.

Inventory:

Hand Weapons
 a - a +0 dagger (weapon)
Armour
 b - a +0 robe (worn)
 c - a +0 hat (worn)
 l - the +1 cloak "Qiumnuus" (worn) {rElec rPois rN+}
   (You found it on level 2 of the Dungeon)

   rElec:     It insulates you from electricity.
   rPois:     It protects you from poison.
   rN:        It protects you from negative energy.
 n - a +2 buckler
Jewellery
 p - a ring of magical power (left hand)
Wands
 u - a wand of iceblast (5)
Scrolls
 e - 4 scrolls of identify
 h - 3 scrolls of teleportation
 m - a scroll of torment {unknown}
 q - a scroll of blinking {unknown}
 r - a scroll of immolation {unknown}
 s - a scroll of revelation
 v - a scroll of amnesia {unknown}
Potions
 d - a potion of magic
 f - 3 potions of curing {unknown}
 g - a potion of heal wounds {unknown}
 i - 2 potions of might {unknown}
 j - 5 potions of brilliance {unknown}
 k - 2 potions of cancellation {unknown}
 o - a potion of haste {unknown}
 t - a potion of ambrosia {unknown}


   Skills:
 + Level 1.3 Fighting
 - Level 1.0 Armour
 - Level 3.0 Dodging
 - Level 3.0 Stealth
 - Level 1.0 Shields
 * Level 7.1 Spellcasting
 + Level 3.4 Conjurations
 - Level 1.1 Summonings
 - Level 1.1 Translocations
 - Level 1.0 Air Magic
 - Level 1.0 Poison Magic
 + Level 0.1 Evocations


You had 11 spell levels left.
You knew the following spells:

 Your Spells              Type           Power      Damage    Failure   Level
a - Magic Dart            Conj           84%        1d7       2%          1
b - Mephitic Cloud        Conj/Pois/Air  15%        N/A       12%         3
c - Call Imp              Summ           24%        N/A       9%          2
d - Blink                 Tloc           24%        N/A       9%          2

Your spell library contained the following spells:

 Spells                   Type           Power      Damage    Failure   Level
 Shock                    Conj/Air       64%        1d7       3%          1
 Summon Small Mammal      Summ           48%        N/A       5%          1
 Sting                    Tmut/Pois      36%        1d4       7%          1
 Freeze                   Ice            28%        1d5       9%          1
 Slow                     Hex            28%        N/A       9%          1
 Poisonous Vapours        Pois/Air       24%        N/A       9%          2
 Cigotuvi's Dreadful Rot  Necr/Pois/Air  20%        N/A       10%         2
 Ensorcelled Hibernation  Hex/Ice        14%        N/A       13%         2
 Passwall                 Tmut/Erth      5%         N/A       13%         2
 Hailstorm                Conj/Ice       14%        3d5       13%         3
 Call Canine Familiar     Summ           12%        N/A       17%         3
 Swiftness                Air            12%        N/A       17%         3
 Summon Guardian Golem    Hex/Summ       9%         N/A       21%         3
 Frozen Ramparts          Ice            14%        1d3       26%         3
 Inner Flame              Hex/Fire       7%         N/A       26%         3
 Airstrike                Air            6%         2d(1-17)  50%         4
 Olgreb's Toxic Radiance  Pois           12%        N/A       50%         4
 Yara's Violent Unravell  Hex/Tmut       3%         3d4       94%         5
 Enfeeble                 Hex            3%         N/A       100%        7


Dungeon Overview and Level Annotations

Branches:
Dungeon (5/15)             Temple (0/1) D:5

Altars:
Ru
Wu Jian

Shops:
D:2 ?   D:3 ?

Annotations:
D:3 3 runed translucent doors, superbruh's ghost, amateur GnWn


Message History

Your cerulean imp disappears in a puff of smoke!
Casting: Call Imp (safe; 9% risk of failure)
Confirm with . or Enter, or press ? or * to list all spells.
A tiny devil pulls itself out of the air.
You swap places.
Your cerulean imp hits the water moccasin with a -3 spear.
The water moccasin bites your cerulean imp but does no damage.
Your cerulean imp hits the water moccasin but does no damage.
The water moccasin bites your cerulean imp!
Your cerulean imp hits the water moccasin with a -3 spear.
The water moccasin bites your cerulean imp.
Your cerulean imp dies!
Your cerulean imp disappears in a puff of smoke!
Casting: Call Imp (safe; 9% risk of failure)
Confirm with . or Enter, or press ? or * to list all spells.
You blink.
Why would you want to do that?
You feel stable enough to blink again.
Casting: Blink (safe; 9% risk of failure)
Confirm with . or Enter, or press ? or * to list all spells.
You blink.
The water moccasin attacks as you move away!
The water moccasin bites you!
You feel stable enough to blink again.
Casting: Blink (safe; 9% risk of failure)
Confirm with . or Enter, or press ? or * to list all spells.
You blink.
Casting: Blink (safe; 9% risk of failure)
Confirm with . or Enter, or press ? or * to list all spells.
A tiny devil pulls itself out of the air.
The water moccasin bites you. The water moccasin bites you!
* * * LOW HITPOINT WARNING * * *
You are lethally poisoned!
The water moccasin poisons you!
The water moccasin attacks as you move away!
The water moccasin bites you.
* * * LOW HITPOINT WARNING * * *
You are more poisoned.
The water moccasin poisons you!
You die...

.....†....#.####.#...# #.
###.#.#.#.#.$........# #.
#.....#.######.#...# #.
#)o#.##.######.#...# #. #.
..#.............# #. #
####..######.#.†## #. #.
##..######.#..# #.
#.###......S......#######.
#........@#...............
........_5#..§≈..#########
..###......#..§§§.......)..
......†.####..≈≈...........
..###.#.......§§..#.#####.#
#.........≈≈....# #.#
###..≈≈≈≈≈≈≈..### #.#
##..≈≈≈§≈≈≈..# #.#
#............# #.#


You could see a water moccasin (ally target) and a friendly cerulean imp
(summoned).

Vanquished Creatures
  2 hounds
  An orc priest (D:4)
  2 orc wizards (D:4)
  2 iguanas (D:4)
  7 gnolls
  5 adders
  3 worms
  6 orcs
  6 ball pythons
  2 endoplasms
  A giant cockroach (D:1)
  5 goblins
  6 hobgoblins
  9 quokkas
  8 bats
  7 frilled lizards
  5 kobolds
  9 rats
86 creatures vanquished.

Vanquished Creatures (collateral kills)
  An orc (D:5)
1 creature vanquished.

Grand Total: 87 creatures vanquished

Notes
Turn   | Place    | Note
-------+----------+-------------------------------------------
     0 | D:1      | pokeman the Deep Elf Hedge Wizard began the quest for the
                  | Orb.
     0 | D:1      | Reached XP level 1. HP: 10/10 MP: 7/7
   397 | D:1      | Reached XP level 2. HP: 15/15 MP: 7/9
   755 | D:2      | Found Bougul's Magic Scroll Shop.
   771 | D:2      | Found an ornate altar of the Wu Jian Council.
   965 | D:2      | Reached skill level 5 in Spellcasting
  1080 | D:2      | Reached XP level 3. HP: 20/20 MP: 6/11
  1084 | D:2      | Learned a level 3 spell: Mephitic Cloud
  1087 | D:2      | Learned a level 2 spell: Call Imp
  1090 | D:2      | Learned a level 2 spell: Blink
  1238 | D:2      | Reached skill level 1 in Fighting
  1238 | D:2      | Reached skill level 1 in Armour
  1543 | D:2      | Identified the +1 cloak "Qiumnuus" {rElec rPois rN+}
  1864 | D:3      | Reached XP level 4. HP: 25/25 MP: 7/13
  2154 | D:3      | Found a faded altar of an unknown god.
  2219 | D:3      | Found a runed translucent gate.
  2219 | D:3      | Found a runed translucent gate.
  2219 | D:3      | Found a runed translucent gate.
  2219 | D:3      | Noticed superbruh's ghost (amateur GnWn)
  2712 | D:3      | Found Onagatu's Magic Scroll Boutique.
  2719 | D:3      | Bought a scroll of noise for 12 gold pieces
  2719 | D:3      | Bought a scroll of teleportation for 36 gold pieces
  2719 | D:3      | Bought a scroll of identify for 24 gold pieces
  2719 | D:3      | Bought a scroll of revelation for 90 gold pieces
  2988 | D:4      | Reached skill level 6 in Spellcasting
  2988 | D:4      | Reached XP level 5. HP: 24/29 MP: 3/15
  3417 | D:4      | Reached skill level 1 in Shields
  3417 | D:4      | Reached skill level 1 in Air Magic
  3418 | D:4      | Reached XP level 6. HP: 27/34 MP: 16/17
  4045 | D:5      | Entered Level 5 of the Dungeon
  4232 | D:5      | Reached skill level 7 in Spellcasting
  4232 | D:5      | Reached skill level 1 in Poison Magic
  4245 | D:5      | Found a sacrificial altar of Ru.
  4312 | D:5      | Found a staircase to the Ecumenical Temple.
  4315 | D:5      | Noticed a water moccasin
  4369 | D:5      | HP: 1/34 [water moccasin (2)]
  4369 | D:5      | Succumbed to a water moccasin's poison

Illustrated notes

Levels and vault maps discovered:
D:1:      nicolae_arrival_washed_ashore, layout_rooms, minmay_domino_4
D:2:      layout_rooms, serial_shops, shop, basic_altar
D:3:      layout_loops_corners, serial_shops,
          nicolae_shop_temple_entry_statues_fountains, gammafunk_ghost_icy,
          ebering_ecumenical_altar_petrified, grunt_ministairs_9
D:4:      layout_loops_ring
D:5:      layout_loops_ring, mainiacjoe_overflow_chevrons,
          nicolae_tso_swordbearing_angel, minmay_temple_entry_sparse_star,
          nicolae_shop_clearance

Skill      XL: |  1  2  3  4  5  6 |
---------------+-------------------+-----
Spellcasting   | 5 6 7 |  7.1
Fighting       | 1 |  1.3
Armour         | 1 |  1.0
Conjurations   | 2 3 |  3.4
Stealth        | 3 |  3.0
Dodging        | 3 |  3.0
Shields        | 1 |  1.0
Air Magic      | 1 |  1.0
Poison Magic   | 1 |  1.0
Summonings     | |  1.1
Translocations | |  1.1
Evocations     | |  0.1

Action                     |  1- 3 |  4- 6 || total
---------------------------+-------+-------++-------
  Melee: Dagger            |    11 |    32 ||    43
         Punch             |       |     1 ||     1
   Cast: Magic Dart        |   102 |   115 ||   217
         Mephitic Cloud    |       |    11 ||    11
         Blink             |       |     3 ||     3
         Call Imp          |       |     3 ||     3
   Stab: Confused          |       |     5 ||     5
 Armour: Robe              |     4 |     5 ||     9
  Dodge: Dodged            |    15 |    28 ||    43

Table legend: (Time is in decaauts)
 A = Elapsed time spent in this place.
 B = Non-inter-level travel time spent in this place.
 C = Inter-level travel time spent in this place.
 D = Time resting spent in this place.
 E = Time spent auto-exploring this place.
 F = Levels seen in this place.
 G = Mean time per level.
                   A        B        C        D        E       F      G
               +--------+--------+--------+--------+--------+-----+--------+
         Total |   4369 |   4256 |    113 |    204 |   3468 |   5 |  873.8 |
       Dungeon |   4369 |   4256 |    113 |    204 |   3468 |   5 |  873.8 |
               +--------+--------+--------+--------+--------+-----+--------+

Top non-repeatable levels by time:
     D:3: 1211 daAuts
     D:4: 1126 daAuts
     D:2: 864 daAuts
     D:1: 843 daAuts
     D:5: 323 daAuts
